 Dungeon Crawl Stone Soup version 0.31-a0-218-g813d01f837 (webtiles) character file.

Game seed: 14183518128162048087

99 qw the Shooter (level 4, -2/26 HPs)
             Began as a Gargoyle Hexslinger on July 3, 2023.
             Slain by a gnoll
             ... wielding a +0 heavy spear
              (6 damage)
             ... on level 3 of the Dungeon.
             The game lasted 00:00:39 (1392 turns).

qw the Shooter (Gargoyle Hexslinger)                Turns: 1392, Time: 00:00:39

Health: -2/26      AC:  8    Str: 12    XL:     4   Next: 72%
Magic:  5/5        EV: 10    Int: 13    God:
Gold:   83         SH:  0    Dex: 14    Spells: 4/5 levels left

rFire   . . .        Y - +1 sling (drain)
rCold   . . .        (no shield)
rNeg    + . .        b - +0 ring mail
rPois   inf          (no helmet)
rElec   +            (no cloak)
rCorr   .            (no gloves)
SInv    .            (no boots)
Will    .....        (no amulet)
Stlth   +            (no ring)
HPRegen 0.24/turn    (no ring)
MPRegen 0.09/turn

%: no passive effects
@: about to teleport
A: sickness immunity, AC +3, negative energy resistance 1, electricity
resistance, torment resistance 1, petrification resistance
a: no special abilities


You were on level 3 of the Dungeon.
You visited 1 branch of the dungeon, and saw 3 of its levels.

You collected 83 gold pieces.


Innate Abilities, Weirdness & Mutations

You are immune to sickness and miasma.
Your stone body is resilient. (AC +3)
You are immune to poison.
You resist negative energy. (rN+)
You are resistant to electric shocks. (rElec)
You are resistant to unholy torment.
You are immune to petrification.


   Skills:
 - Level 2.0 Fighting
 + Level 4.3 Ranged Weapons
 - Level 1.0 Armour
 - Level 1.5 Dodging
 - Level 1.0 Spellcasting
 - Level 2.6 Hexes


You had 4 spell levels left.
You knew the following spells:

 Your Spells              Type           Power      Damage    Failure   Level
a - Slow                  Hex            28%        N/A       22%         1

Your spell library contained the following spells:

 Spells                   Type           Power      Damage    Failure   Level
 Inner Flame              Hex/Fire       4%         N/A       73%         3
 Portal Projectile        Hex/Tloc       8%         N/A       73%         3
 Cause Fear               Hex            3%         N/A       91%         4

Inventory:

Hand Weapons
 Y - a +1 sling of draining (weapon)
Armour
 b - a +0 ring mail (worn)
Potions
 a - a potion of haste {unknown}
 d - a potion of mutation {unknown}

Dungeon Overview and Level Annotations

Branches:
Dungeon (3/15)

Altars:

Annotations:
D:1 1 runed translucent door


Message History

The sling bullet barely misses the gnoll.
The gnoll closely misses you.
You shoot a sling bullet. The sling bullet hits the gnoll.
You drain the gnoll.
The gnoll is heavily wounded.
The gnoll hits you but does no damage.
You shoot a sling bullet. The sling bullet hits the gnoll.
The gnoll is heavily wounded.
The gnoll hits you from afar with a +0 spear.
You shoot a sling bullet.
The sling bullet closely misses the gnoll.
The sling bullet hits the gnoll but does no damage.
You drain the gnoll.
The gnoll is moderately wounded.
The gnoll hits you but does no damage. x2
You shoot a sling bullet. The sling bullet hits the gnoll.
You drain the gnoll.
The gnoll is almost dead.
The gnoll closely misses you.
You shoot a sling bullet.
The sling bullet barely misses the gnoll. x2
The gnoll hits you but does no damage.
You shoot a sling bullet. The sling bullet hits the gnoll.
You kill the gnoll!
You shoot a sling bullet.
The sling bullet barely misses the gnoll.
The gnoll hits you from afar with a +0 heavy spear.
You shoot a sling bullet.
The sling bullet closely misses the gnoll.
The gnoll hits you but does no damage.
You shoot a sling bullet. The sling bullet hits the gnoll.
You drain the gnoll.
The gnoll is almost dead.
The gnoll hits you from afar with a +0 heavy spear!
You shoot a sling bullet.
The sling bullet hits the gnoll but does no damage.
The gnoll is almost dead.
The gnoll hits you from afar with a +0 heavy spear!
1392 ||| READING scroll of teleportation.
As you read the scroll of teleportation, it crumbles to dust.
You feel strangely unstable.
The gnoll hits you from afar with a +0 heavy spear.
You die...

. .## ... #.#
#.# #.# #.#
#.#####@########
#......<........
#######g########
#.#### #.%..###
##.....# #.g...#
#... #.....#
#.g. #.....#


You could see a gnoll (very drained).

Vanquished Creatures
  Jessica (D:2)
  2 gnolls (D:3)
  An adder (D:2)
  A worm (D:2)
  4 bats
  3 endoplasms
  4 giant cockroaches
  A goblin (D:1)
  4 hobgoblins
  4 quokkas
  5 ball pythons (D:1)
  2 frilled lizards (D:1)
  4 kobolds (D:1)
  5 rats
41 creatures vanquished.

Notes
Turn   | Place    | Note
-------+----------+-------------------------------------------
     0 | D:1      | qw the Gargoyle Hexslinger began the quest for the Orb.
     0 | D:1      | Reached XP level 1. HP: 12/12 MP: 2/2
     0 | D:1      | 0 ||| qw: Version: 0.3-a-40-ge99b1a8
     0 | D:1      | 0 ||| qw: Game counter: 309
     0 | D:1      | 0 ||| qw: Melee chars always use a shield: true
     0 | D:1      | 0 ||| qw: God list: Okawaru
     0 | D:1      | 0 ||| qw: Allow faded altars: false
     0 | D:1      | 0 ||| qw: Do Orc after clearing Dungeon:15 true
     0 | D:1      | 0 ||| qw: Do second Lair branch before Depths: true
     0 | D:1      | 0 ||| qw: Lair rune preference: random
     0 | D:1      | 0 ||| qw: Goals: Normal
     0 | D:1      | 0 ||| PLANNING D:1-11
     2 | D:1      | Found a runed translucent door.
    95 | D:1      | Reached XP level 2. HP: 16/16 MP: 3/3
   142 | D:1      | Reached skill level 3 in Ranged Weapons
   282 | D:1      | Reached XP level 3. HP: 21/21 MP: 4/4
   339 | D:1      | Found a faded altar of an unknown god.
   414 | D:1      | 414 ||| READING scroll labelled LAUVVI ELLERCH.
   415 | D:1      | 415 ||| READING scroll labelled ORCHOU VOSCHEJ.
   416 | D:1      | 416 ||| READING scroll labelled JIECAIH VICIA.
   462 | D:1      | 462 ||| READING scroll labelled LAUGUAZXUCU.
   463 | D:1      | 463 ||| DROPPING scroll of poison.
   708 | D:2      | Noticed Jessica
   723 | D:2      | Killed Jessica
   724 | D:2      | Reached XP level 4. HP: 12/26 MP: 5/5
  1010 | D:2      | Reached skill level 4 in Ranged Weapons
  1275 | D:2      | 1275 ||| UPGRADING to +0 ring mail.
  1285 | D:2      | 1285 ||| DROPPING +0 robe.
  1286 | D:2      | 1286 ||| READING scroll labelled YBEASKUILE.
  1287 | D:2      | 1287 ||| READING scroll labelled SEFONG NATETI.
  1288 | D:2      | 1288 ||| DROPPING potion of brilliance.
  1348 | D:3      | 1348 ||| Stepping ~*~*~tactically~*~*~ (outnumbered).
  1352 | D:3      | 1352 ||| Stepping ~*~*~tactically~*~*~ (outnumbered).
  1353 | D:3      | 1353 ||| FLEEEEING.
  1355 | D:3      | 1355 ||| FLEEEEING.
  1356 | D:3      | 1356 ||| FLEEEEING.
  1357 | D:3      | 1357 ||| FLEEEEING.
  1358 | D:3      | 1358 ||| FLEEEEING.
  1359 | D:3      | 1359 ||| FLEEEEING.
  1360 | D:3      | 1360 ||| FLEEEEING.
  1361 | D:3      | 1361 ||| FLEEEEING.
  1362 | D:3      | 1362 ||| FLEEEEING.
  1363 | D:3      | 1363 ||| FLEEEEING.
  1364 | D:3      | 1364 ||| FLEEEEING.
  1365 | D:3      | 1365 ||| STAIRDANCE
  1379 | D:3      | Reached skill level 1 in Armour
  1379 | D:3      | 1379 ||| Stepping ~*~*~tactically~*~*~ (outnumbered).
  1391 | D:3      | HP: 4/26 [gnoll/+0 heavy spear (8)]
  1392 | D:3      | 1392 ||| READING scroll of teleportation.
  1392 | D:3      | Slain by a gnoll

Levels and vault maps discovered:
D:1:      dpeg_arrival_caged_fury, layout_rooms,
          hellmonk_ecumenical_altar_pennies_from_heaven, minmay_fountain_box,
          st_stairs_13
D:2:      layout_basic, uniq_jessica
D:3:      layout_basic, kennysheep_generic_room_5

Skill      XL: |  1  2  3  4 |
---------------+-------------+-----
Ranged Weapons | 3 4 |  4.3
Fighting       | 2 |  2.0
Armour         | 1 |  1.0
Dodging        | |  1.5
Spellcasting   | |  1.0
Hexes          | |  2.6

Action                     |  1- 3 |  4- 6 || total
---------------------------+-------+-------++-------
   Fire: Sling             |    85 |    51 ||   136
    Use: Scroll            |     4 |     3 ||     7
 Armour: Robe              |     6 |     4 ||    10
         Ring mail         |       |     5 ||     5
  Dodge: Dodged            |    10 |    34 ||    44

Table legend:
 A = Non-vault XP
 B = Vault XP
 C = Vault XP percentage of total XP
 D = Non-vault monster count
 E = Vault monster count
 F = Vault count percentage of total count
                 A         B        C        D         E       F
            +---------+---------+-------+---------+---------+-------
      Total |     104 |      38 |  26.8 |      39 |       2 |   4.9
            +---------+---------+-------+---------+---------+-------
        D:1 |      36 |       1 |   2.7 |      23 |       1 |   4.2
        D:2 |      35 |      37 |  51.4 |      12 |       1 |   7.7
        D:3 |      33 |       0 |   0.0 |       4 |       0 |   0.0
            +---------+---------+-------+---------+---------+-------
